 Dungeon Crawl Stone Soup version 0.27-a0-203-gd48b2df3c9 (webtiles) character file.

Game seed: 11647105752212265751

42 wakim the Ruffian (level 3, 0/26 HPs)
             Began as a Draconian Transmuter on Jan 30, 2021.
             Slain by a rat (1 damage)
             ... on level 2 of the Dungeon.
             The game lasted 00:04:01 (1150 turns).

wakim the Ruffian (Draconian Transmuter)            Turns: 1150, Time: 00:04:01

Health: 0/26       AC:  5    Str: 10    XL:     3   Next: 35%
Magic:  6/6        EV: 12    Int: 14    God:
Gold:   56         SH:  0    Dex: 11    Spells: 5/6 levels left

rFire    . . .     SeeInvis .     - Unarmed
rCold    . . .     Faith    .   (no shield)
rNeg     . . .     Spirit   .   (armour unavailable)
rPois    .         Reflect  .   (helmet restricted)
rElec    .         Harm     .   (no cloak)
rCorr    .         Rampage  .   (no gloves)
Will     .....                  (no boots)
Stlth    +.........             (no amulet)
HPRegen  0.08/turn              (no ring)
MPRegen  0.10/turn              (no ring)

@: lethally poisoned (0 -> -5)
A: unfitting armour, horns 1, frail 1, weak 1, cold-blooded, MP-powered wands,
AC +5
a: no special abilities


You were on level 2 of the Dungeon.
You visited 1 branch of the dungeon, and saw 2 of its levels.

You collected 56 gold pieces.

Inventory:

Jewellery
 b - an uncursed amulet of regeneration {unknown}
 g - a cursed -4 ring of strength {unknown}
Scrolls
 a - 2 scrolls of identify {unknown}
 c - a scroll of immolation {unknown}
 f - a scroll of remove curse {unknown}


   Skills:
 + Level 2.0 Fighting
 + Level 2.3 Dodging
 * Level 3.8 Unarmed Combat
 - Level 2.0 Spellcasting
 - Level 2.0 Transmutations


You had 5 spell levels left.
You knew the following spells:

 Your Spells              Type           Power        Failure   Level
a - Beastly Appendage     Tmut           14%          11%         1

Your spell library contained the following spells:

 Spells                   Type           Power        Failure   Level
 Wereblood                Tmut           7%           16%         2
 Spider Form              Tmut/Pois      2%           43%         3
 Ice Form                 Ice/Tmut       4%           83%         4
 Blade Hands              Tmut           3%           96%         5


Dungeon Overview and Level Annotations

Branches:
Dungeon (2/15)

Altars:


Innate Abilities, Weirdness & Mutations

Your plain brown scales are hard. (AC +5)
You cannot fit into any form of body armour.
You are cold-blooded and may be slowed by cold attacks.
You have a pair of small horns on your head.
You are frail. (-10% HP)
You are weak. (Str -2)
You expend magic power (3 MP) to strengthen your wands.


Message History

The hobgoblin completely misses you.
You barely miss the hobgoblin. Your headbutt misses the hobgoblin.
* * * LOW HITPOINT WARNING * * *
You feel sick.
The hobgoblin hits you but does no damage.
The goblin hits you but does no damage. The kobold misses you.
You hit the hobgoblin.
You kill the hobgoblin!
The kobold hits you.
* * * LOW HITPOINT WARNING * * *
The goblin misses you.
Your Fighting skill increases to level 2!
The rat bites you but does no damage. The kobold closely misses you.
You see here a hobgoblin corpse.
* * * LOW HITPOINT WARNING * * *
You feel sick. The kobold hits you but does no damage.
* * * LOW HITPOINT WARNING * * *
You feel sick. The goblin closely misses you. The rat bites you.
You die...

##. ##.. # ###... .##
....#.######...
....#..@..(....
..[...Kgr....##
###..........##
##$.........# .#
#........... ..##
#...†.......
#####....####...........
...†...# ...............
...#####.............[..


You could see a goblin, a kobold and a rat.

Vanquished Creatures
  An adder (D:2)
  2 dart slugs (D:1)
  2 leopard geckos (D:1)
  4 bats (D:1)
  3 giant cockroaches (D:1)
  3 goblins (D:1)
  3 hobgoblins
  6 kobolds
  A frilled lizard (D:2)
  2 rats (D:1)
27 creatures vanquished.

Notes
Turn   | Place    | Note
-------+----------+-------------------------------------------
     0 | D:1      | wakim the Draconian Transmuter began the quest for the Orb.
     0 | D:1      | Reached XP level 1. HP: 16/16 MP: 3/3
   166 | D:1      | Reached XP level 2. HP: 19/23 MP: 5/5
   645 | D:1      | Gained mutation: You expend magic power (3 MP) to
                  | strengthen your wands. [potion of mutation]
   645 | D:1      | Gained mutation: You are weak. (Str -2) [potion of
                  | mutation]
   645 | D:1      | Gained mutation: You have sharp fingernails. [potion of
                  | mutation]
   645 | D:1      | Gained mutation: Your mind is acute. (Int +2) [potion of
                  | mutation]
   648 | D:1      | Lost mutation: Your mind is acute. (Int +2) [potion of
                  | mutation]
   648 | D:1      | Lost mutation: You have sharp fingernails. [potion of
                  | mutation]
   648 | D:1      | Gained mutation: You are frail. (-10% HP) [potion of
                  | mutation]
   648 | D:1      | Gained mutation: You have a pair of small horns on your
                  | head. [potion of mutation]
   948 | D:1      | Reached XP level 3. HP: 26/26 MP: 6/6
  1147 | D:2      | HP: 1/26 [poisoned by an adder]
  1150 | D:2      | Slain by a rat

Illustrated notes

Levels and vault maps discovered:
D:1:      heliophobic_arrival_glass_houses, layout_basic, minmay_split_cup_small
D:2:      minmay_diamond_boxcup, layout_rooms, serial_rivers,
          chequers_serial_rivers_micro_a, chequers_serial_rivers_micro_a,
          chequers_serial_rivers_micro_e, chequers_serial_rivers_marsh,
          chequers_serial_rivers_room_a, chequers_serial_rivers_micro_c,
          grunt_ministairs_6

Skill      XL: |  1  2  3 |
---------------+----------+-----
Dodging        | 2 |  2.3
Fighting       | 2 |  2.0
Unarmed Combat | |  3.8
Spellcasting   | |  2.0
Transmutations | |  2.0

Action                   || total
-------------------------++-------
Melee: Unarmed           ||   117
       Tailslap          ||     7
       Kick              ||     5
       Headbutt          ||     4
 Cast: Beastly Appendage ||     9
  Use: Potion            ||     4
 Stab: Sleeping          ||     1
Armor: Skin              ||    49
Dodge: Dodged            ||    86

Table legend: (Time is in decaauts)
 A = Elapsed time spent in this place.
 B = Non-inter-level travel time spent in this place.
 C = Inter-level travel time spent in this place.
 D = Time resting spent in this place.
 E = Time spent auto-exploring this place.
 F = Levels seen in this place.
 G = Mean time per level.
                   A        B        C        D        E       F      G
               +--------+--------+--------+--------+--------+-----+--------+
         Total |   1142 |   1109 |     33 |    287 |    556 |   2 |  571.0 |
       Dungeon |   1142 |   1109 |     33 |    287 |    556 |   2 |  571.0 |
               +--------+--------+--------+--------+--------+-----+--------+

Top non-repeatable levels by time:
     D:1: 1076 daAuts
     D:2: 65 daAuts
